[Event "Titled Tuesday Blitz June 13 Late 2023"]
[White "Bartel, Michal"]
[Black "Sztokbant, Bernardo Vainzoff"]
[WhiteFideId "1119257"]
[BlackFideId "2115956"]
[WhiteElo "2282"]
[BlackElo "2222"]
[Result "1/2-1/2"]
[Round "3"]
[TimeControl "180+2"]
[Date "2023.06.13"]
[WhiteClock "0:01:22"]
[BlackClock "0:00:04"]
[Board "99"]

1. e4 c5 2. Ne2 Nc6 3. g3 Nf6 4. Bg2 g6 5. O-O Bg7 6. c3 O-O 7. d4 cxd4 8. cxd4 d6 9. Nbc3 Bd7 10. h3 Rc8 11. Be3 a6 12. Qd2 b5 13. b3 e5 14. d5 Ne7 15. Rac1 Ne8 16. f3 f5 17. Qe1 Nf6 18. g4 Kh8 19. a4 bxa4 20. Nxa4 Bb5 21. Qd2 Nd7 22. Rxc8 Qxc8 23. Rc1 Qb7 24. Nec3 Rc8 25. Nxb5 axb5 26. Nb2 f4 27. Bf2 Bf6 28. Nd3 Rxc1+ 29. Qxc1 Qc8 30. Qxc8+ Nxc8 31. h4 Bd8 32. g5 Bb6 33. Bh3 Bxf2+ 34. Kxf2 Ncb6 35. Nb4 Nc5 36. Bf1 Nxb3 37. Bxb5 Kg7 38. Nc6 h6 39. Nd8 Nd4 40. Be8 hxg5 41. hxg5 Nc4 42. Nb7 Nd2 43. Nxd6 N2xf3 44. Nc4 Nxg5 45. Nxe5 Nxe4+ 46. Kg2 g5 47. Bg6 Nf6 48. d6 Nb5 49. Bc2 Nxd6 50. Nf3 Kh6 51. Nd4 g4 52. Bd1 Kg6 53. Ne6 f3+ 54. Kg3 Nf5+ 55. Kf2 Nd5 56. Bxf3 gxf3 57. Kxf3 Nf6 58. Nf4+ Kf7 59. Nd3 Nd4+ 60. Ke3 Ne6 61. Nf4 Ng5 62. Nd3 Ke7 63. Kf4 Ne6+ 64. Ke5 Nd7+ 65. Kd5 Nc7+ 66. Kc4 Kd6 67. Kd4 Ne6+ 68. Ke4 Ndc5+ 69. Nxc5 1/2-1/2


[Site "https://www.chess.com"]

[Event "Titled Tuesday Blitz June 13 Late 2023"]
[White "Moral Garcia, Serafin"]
[Black "Arnold, Ken"]
[WhiteFideId "2201925"]
[BlackFideId "2056836"]
[WhiteElo "2274"]
[BlackElo "2449"]
[Result "1-0"]
[Round "3"]
[TimeControl "180+2"]
[Date "2023.06.13"]
[WhiteClock "0:00:11"]
[BlackClock "0:00:29"]
[Board "100"]

1. c4 Nf6 2. Nc3 e6 3. e3 d5 4. Nf3 Be7 5. b3 O-O 6. Bb2 b6 7. cxd5 Nxd5 8. d4 Bb7 9. Bd3 Nc6 10. O-O Ncb4 11. Bb1 Nxc3 12. Bxc3 a5 13. a3 Nd5 14. Bb2 g6 15. Ne5 Bf6 16. Nf3 c5 17. Ba2 cxd4 18. Bxd4 Rc8 19. Qd2 Nc3 20. Bxf6 Qxf6 21. Nd4 Nxa2 22. Rxa2 Rfd8 23. Qe2 e5 24. Nf3 Qe6 25. Rb2 Bd5 26. Nd2 Rc3 27. e4 Bxb3 28. Rfb1 a4 29. Qb5 Rdd3 30. h3 h5 31. Nf3 Rxf3 32. gxf3 Qxh3 33. Qe8+ Kh7 34. Rxb3 Rxb3 35. Rxb3 axb3 36. Qxf7+ Kh6 37. Qf8+ Kh7 38. Qf7+ Kh6 39. Qxb3 Kg5 40. Qe3+ Kh4 41. a4 g5 42. Qb3 g4 43. Qxb6 Qxf3 44. a5 Kh3 45. Qe3 Qxe3 46. fxe3 Kg3 47. a6 h4 48. a7 h3 49. a8=Q h2+ 50. Kh1 1-0


[Site "https://www.chess.com"]

[Event "Titled Tuesday Blitz June 13 Late 2023"]
[White "robertoalejandro10"]
[Black "Yang, Kevin"]
[BlackFideId "30908485"]
[WhiteElo "2601"]
[BlackElo "2055"]
[Result "1/2-1/2"]
[Round "3"]
[TimeControl "180+2"]
[Date "2023.06.13"]
[WhiteClock "0:00:10"]
[BlackClock "0:00:06"]
[Board "101"]

1. Nf3 Nf6 2. c4 e6 3. g3 b6 4. Bg2 Bb7 5. O-O Be7 6. b3 O-O 7. Bb2 d5 8. e3 dxc4 9. bxc4 c5 10. Qe2 Nc6 11. Rd1 Qc8 12. Nc3 Rd8 13. Rac1 e5 14. d4 exd4 15. exd4 cxd4 16. Nd5 Bc5 17. Nxd4 Nxd5 18. cxd5 Nxd4 19. Bxd4 Bxd5 20. Bxc5 Bxg2 21. Bd4 Qb7 22. Qg4 f6 23. Bxf6 Rxd1+ 24. Rxd1 Bf3 25. Qc4+ Qf7 26. Qxf7+ Kxf7 27. Rd3 Kxf6 28. Rxf3+ Kg6 29. Rd3 Rc8 30. Rd7 Ra8 31. Rb7 Kf6 32. f4 h6 33. Kf2 Rc8 34. Rxa7 Rc2+ 35. Kg1 Rb2 36. Rb7 g5 37. fxg5+ hxg5 38. a4 Rb1+ 39. Kg2 Rb2+ 40. Kh3 Rb4 41. Rb8 Kf5 42. Rf8+ Kg6 43. Rb8 Kf5 44. Kg2 Rxa4 45. Rxb6 Ra2+ 46. Kg1 Kg4 47. Rb5 Kh3 48. Rxg5 Ra1+ 49. Kf2 Ra2+ 50. Kf3 Ra3+ 51. Kf4 Ra4+ 52. Kf5 Kxh2 53. g4 Kg3 54. Rg8 Rf4+ 55. Ke5 Rxg4 56. Rf8 Rg5+ 57. Ke4 Rg4+ 58. Ke3 Rg6 59. Rf1 Re6+ 60. Kd4 Rd6+ 61. Ke5 Rd2 62. Rg1+ Rg2 63. Rxg2+ Kxg2 1/2-1/2


[Site "https://www.chess.com"]

[Event "Titled Tuesday Blitz June 13 Late 2023"]
[White "Karas, Marek"]
[Black "ATM622"]
[WhiteFideId "14928558"]
[WhiteElo "2229"]
[BlackElo "2600"]
[Result "0-1"]
[Round "3"]
[TimeControl "180+2"]
[Date "2023.06.13"]
[WhiteClock "0:00:34"]
[BlackClock "0:01:01"]
[Board "102"]

1. a3 e5 2. c4 f5 3. Nc3 Nf6 4. e3 c6 5. d4 e4 6. Nh3 d5 7. cxd5 cxd5 8. Bb5+ Bd7 9. Bxd7+ Nbxd7 10. Nf4 Nb6 11. Qb3 Bd6 12. Qb5+ Qd7 13. Qxd7+ Kxd7 14. Nfe2 Rac8 15. Bd2 Nc4 16. Rb1 Rc6 17. Ng3 g6 18. Ke2 Rhc8 19. Rhc1 a6 20. Ke1 b5 21. Nge2 b4 22. axb4 Bxb4 23. Nf4 g5 24. Nfe2 Ke6 25. Rc2 Nxd2 26. Kxd2 Rc4 27. Kd1 Ng4 28. Ke1 Nxh2 29. Ra1 a5 30. Kd2 Ng4 31. Ke1 h5 32. g3 h4 33. gxh4 gxh4 34. Nf4+ Kd6 35. Nxd5 h3 36. Ke2 Bxc3 37. Nxc3 a4 38. Nb5+ Ke7 39. Rxc4 Rxc4 40. Nc3 h2 41. f3 exf3+ 42. Kxf3 a3 43. Ne2 axb2 44. Rb1 Rc1 0-1


[Site "https://www.chess.com"]

[Event "Titled Tuesday Blitz June 13 Late 2023"]
[White "Sebag, Marie"]
[Black "Kaplan, Avi Harrison"]
[WhiteFideId "617822"]
[BlackFideId "30934559"]
[WhiteElo "2431"]
[BlackElo "1983"]
[Result "0-1"]
[Round "3"]
[TimeControl "180+2"]
[Date "2023.06.13"]
[WhiteClock "0:01:33"]
[BlackClock "0:00:59"]
[Board "103"]

1. c4 g6 2. Nc3 Bg7 3. g3 Nf6 4. Bg2 O-O 5. d4 d6 6. e3 Nc6 7. Nge2 e5 8. O-O Qe7 9. b3 e4 10. Bb2 h5 11. d5 Nb4 12. Nc1 h4 13. a3 Na6 14. b4 Bg4 15. Qc2 Bf3 16. Bxf3 exf3 17. Qd1 Ne4 18. N1a2 Ng5 19. e4 Qd7 20. Kh1 Qh3 21. Rg1 hxg3 22. Rxg3 Qh5 23. Qd3 Be5 24. Rag1 Kg7 25. Nd1 Qxh2+ 26. Kxh2 Rh8# 0-1


[Site "https://www.chess.com"]

[Event "Titled Tuesday Blitz June 13 Late 2023"]
[White "Fernandez Garcia, Gumersindo"]
[Black "QuiesPrecatio"]
[WhiteFideId "24516740"]
[WhiteElo "2093"]
[BlackElo "2440"]
[Result "0-1"]
[Round "3"]
[TimeControl "180+2"]
[Date "2023.06.13"]
[WhiteClock "0:00:29"]
[BlackClock "0:01:06"]
[Board "104"]

1. e4 c6 2. c4 d5 3. cxd5 cxd5 4. exd5 Nf6 5. Nc3 Nxd5 6. Nf3 Nc6 7. Bb5 Nxc3 8. bxc3 Qc7 9. O-O e6 10. d4 Be7 11. Ne5 O-O 12. Nxc6 bxc6 13. Bd3 c5 14. Qh5 g6 15. Qe2 cxd4 16. cxd4 Bb7 17. Bh6 Rfd8 18. Rac1 Qd6 19. Rfd1 Qd5 20. Qf1 Rac8 21. Rxc8 Rxc8 22. Be3 Bf6 23. Be2 Qa5 24. Bc4 Bd5 25. Bxd5 Qxd5 26. Qa6 Rc7 27. g3 e5 28. Qd3 exd4 29. Bf4 Rd7 30. a4 Rd8 31. h4 Re8 32. Rc1 Qe4 33. Qd2 Qe2 34. Qa5 d3 35. Rc6 Bd4 36. Qd2 Bxf2+ 37. Kg2 Be3+ 38. Qxe2 dxe2 0-1


[Site "https://www.chess.com"]

[Event "Titled Tuesday Blitz June 13 Late 2023"]
[White "Garmendiarov"]
[Black "Schnaider, Ilan"]
[BlackFideId "169013"]
[WhiteElo "2438"]
[BlackElo "2224"]
[Result "0-1"]
[Round "3"]
[TimeControl "180+2"]
[Date "2023.06.13"]
[WhiteClock "0:00:02"]
[BlackClock "0:00:55"]
[Board "105"]

1. d4 Nf6 2. Bf4 g6 3. Nc3 d5 4. e3 c6 5. h4 Qb6 6. Rb1 Bf5 7. Bd3 Nbd7 8. Bxf5 gxf5 9. Nf3 e6 10. Ne5 Rg8 11. O-O Be7 12. Na4 Qa5 13. c4 dxc4 14. Nxc4 Qd5 15. f3 Qxc4 16. b3 Qa6 17. Qc2 Nd5 18. Nc5 Nxc5 19. dxc5 Nxf4 20. exf4 Qa5 21. b4 Qc7 22. Qc4 O-O-O 23. Rfd1 Rxd1+ 24. Rxd1 Rd8 25. Rxd8+ Qxd8 26. g3 Qd1+ 27. Kg2 Qd2+ 28. Kh3 Qd5 29. Qc3 f6 30. a4 Qd1 31. Kg2 Qxa4 32. Qc4 Kd7 33. Qd4+ Ke8 34. Qc4 Kf7 35. g4 Qa6 36. Qb3 Qe2+ 37. Kg3 fxg4 38. fxg4 Kg7 39. f5 exf5 40. gxf5 Bd8 41. Kh3 Bc7 42. h5 Qh2+ 43. Kg4 Qf4+ 44. Kh3 Qxf5+ 45. Kg2 Qxh5 46. Qd3 Qg6+ 47. Qxg6+ hxg6 48. b5 cxb5 49. c6 bxc6 0-1


[Site "https://www.chess.com"]

[Event "Titled Tuesday Blitz June 13 Late 2023"]
[White "Lalanne, Pablo"]
[Black "Altman, Joshua"]
[WhiteFideId "112151"]
[BlackFideId "426210"]
[WhiteElo "2120"]
[BlackElo "2028"]
[Result "1-0"]
[Round "3"]
[TimeControl "180+2"]
[Date "2023.06.13"]
[WhiteClock "0:00:26"]
[BlackClock "0:00:47"]
[Board "106"]

1. e4 e6 2. d4 d5 3. Nc3 Nf6 4. e5 Nfd7 5. f4 c5 6. Nf3 Nc6 7. Be3 a6 8. Qd2 b5 9. a3 Qa5 10. Ra2 Qc7 11. Ra1 Be7 12. Be2 O-O 13. O-O Bb7 14. Nd1 Rfc8 15. c3 Na5 16. Qe1 cxd4 17. Nxd4 Nc4 18. Bd3 Nc5 19. Bc2 Ne4 20. Rf3 Bc5 21. Rh3 Nxe3 22. Nxe3 Qb6 23. Rd1 a5 24. Qh4 h6 25. Ng4 Bf8 26. Bxe4 dxe4 27. Nxh6+ gxh6 28. Rg3+ Kh7 29. Qg4 h5 30. Qxh5+ Bh6 31. Qxf7+ Kh8 32. Rh3 Rc7 33. Rxh6# 1-0


[Site "https://www.chess.com"]

[Event "Titled Tuesday Blitz June 13 Late 2023"]
[White "Ammar, Sedrani"]
[Black "Haydon, David L"]
[WhiteFideId "9312331"]
[BlackFideId "415405"]
[WhiteElo "2115"]
[BlackElo "2326"]
[Result "1-0"]
[Round "3"]
[TimeControl "180+2"]
[Date "2023.06.13"]
[WhiteClock "0:01:19"]
[BlackClock "0:00:45"]
[Board "107"]

1. Nf3 c6 2. g3 d5 3. Bg2 Nf6 4. O-O Bg4 5. Ne5 Bf5 6. c4 e6 7. d4 Bd6 8. Nc3 Qc7 9. cxd5 exd5 10. Bf4 Nh5 11. Rc1 Nxf4 12. gxf4 Qe7 13. e4 dxe4 14. Nxe4 O-O 15. Ng3 Bc8 16. Re1 Qf6 17. Ne4 Qd8 18. Qd2 Be7 19. Rcd1 Be6 20. Ng5 Bd5 21. Bxd5 Qxd5 22. Nexf7 Rxf7 23. Nxf7 Kxf7 24. Qe3 Qd7 25. d5 c5 26. d6 Bf6 27. Qb3+ Kg6 28. Re3 h5 29. Qg8 h4 30. Rd5 Qg4+ 31. Kf1 Qxf4 32. Qe8+ 1-0


[Site "https://www.chess.com"]

[Event "Titled Tuesday Blitz June 13 Late 2023"]
[White "Gil Alba, Hector Luis"]
[Black "Tarlabasi, Emirhan"]
[WhiteFideId "3504670"]
[BlackFideId "6350275"]
[WhiteElo "2331"]
[BlackElo "2200"]
[Result "1-0"]
[Round "3"]
[TimeControl "180+2"]
[Date "2023.06.13"]
[WhiteClock "0:00:21"]
[BlackClock "0:00:00"]
[Board "108"]

1. e4 g6 2. d4 Bg7 3. Nc3 c6 4. f4 d5 5. Nf3 Bg4 6. e5 h5 7. h3 Bxf3 8. Qxf3 h4 9. f5 gxf5 10. Qxf5 e6 11. Qg4 Bf8 12. Bd3 c5 13. O-O Qd7 14. Rxf7 Qxf7 15. Bg6 Qxg6 16. Qxg6+ Kd7 17. Qf7+ Be7 18. dxc5 Nc6 19. Bg5 Nh6 20. Bxh6 Rxh6 21. Qg7 Rhh8 22. Qg4 Rag8 23. Qe2 Bxc5+ 24. Kh1 Rg3 25. Rd1 Kc7 26. Rd3 Rg5 27. Rf3 a6 28. Rf6 Rhg8 29. Rxe6 Nd4 30. Nxd5+ Kb8 31. Qc4 Nxe6 32. Nf6 Rd8 33. Kh2 Ka8 34. Qxe6 Rd2 35. Ng4 Rg7 36. Qc8+ Ka7 37. Qxc5+ Ka8 38. Qf8+ 1-0


[Site "https://www.chess.com"]

[Event "Titled Tuesday Blitz June 13 Late 2023"]
[White "Pein, Jonathan"]
[Black "Makaraci, Tunahan"]
[WhiteFideId "417092"]
[BlackFideId "6356559"]
[WhiteElo "2151"]
[BlackElo "2160"]
[Result "1-0"]
[Round "3"]
[TimeControl "180+2"]
[Date "2023.06.13"]
[WhiteClock "0:00:09"]
[BlackClock "0:00:04"]
[Board "109"]

1. e4 Nf6 2. e5 Nd5 3. d4 d6 4. c4 Nb6 5. f4 dxe5 6. fxe5 Bf5 7. Nc3 e6 8. Be3 Bb4 9. Be2 c5 10. Nf3 Nc6 11. dxc5 Qxd1+ 12. Rxd1 Na4 13. O-O Nxb2 14. Nb5 Nxd1 15. Rxd1 O-O 16. Rd7 b6 17. Rc7 Na5 18. cxb6 axb6 19. Bxb6 Rfc8 20. a3 Rxc7 21. Nxc7 Rb8 22. axb4 Nxc4 23. Bc5 Na3 24. Nd4 Be4 25. Kf2 Nb1 26. Ncb5 Bd5 27. g3 Nd2 28. Nc3 Ne4+ 29. Nxe4 Bxe4 30. b5 Bd5 31. b6 Bb7 32. Bf3 Bxf3 33. Kxf3 f6 34. Nc6 Rb7 35. Nd8 Rd7 36. Nxe6 fxe5 37. Nc7 Rd8 38. Na6 Kf7 39. b7 Ke6 40. b8=Q Rxb8 41. Nxb8 Kd5 42. Be3 g6 43. Nd7 Ke6 44. Nc5+ Kf5 45. Ne4 h5 46. h3 Ke6 47. Bg5 Kf5 48. Ke3 Ke6 49. Nf2 Kf5 50. Bh4 g5 51. Bxg5 Kxg5 52. Ke4 Kf6 53. Nd3 Ke6 54. Nxe5 Kf6 55. Kf4 Ke6 56. Kg5 1-0


[Site "https://www.chess.com"]

[Event "Titled Tuesday Blitz June 13 Late 2023"]
[White "Can, Melih Kaan"]
[Black "Koellner, Ruben Gideon"]
[WhiteFideId "6317383"]
[BlackFideId "12993093"]
[WhiteElo "2010"]
[BlackElo "2314"]
[Result "0-1"]
[Round "3"]
[TimeControl "180+2"]
[Date "2023.06.13"]
[WhiteClock "0:00:03"]
[BlackClock "0:01:33"]
[Board "110"]

1. Nf3 d6 2. g3 Nf6 3. Bg2 g6 4. O-O Bg7 5. c4 O-O 6. b3 e5 7. Bb2 Re8 8. d3 c6 9. a3 a5 10. b4 axb4 11. axb4 Rxa1 12. Bxa1 Nbd7 13. Qb3 h6 14. Nbd2 Qc7 15. Rb1 Nf8 16. b5 Bd7 17. bxc6 bxc6 18. h3 Ne6 19. Bc3 Nc5 20. Qb6 Qxb6 21. Rxb6 Na4 22. Rb3 Nxc3 23. Rxc3 e4 24. dxe4 Nxe4 25. Nxe4 Rxe4 26. Rd3 Rxc4 27. Rxd6 Be6 28. Nd2 Rc1+ 29. Kh2 c5 30. Bd5 Bxd5 31. Rxd5 c4 32. Kg2 Rd1 33. e4 c3 34. Nb3 Rxd5 35. exd5 c2 36. d6 Kf8 37. Kf3 Bb2 38. Ke4 Ke8 39. Kd5 c1=Q 40. Nxc1 Bxc1 41. Ke5 Bb2+ 42. Kd5 Kd7 43. f4 f5 44. g4 h5 45. gxh5 gxh5 46. h4 Bc3 47. Kc4 Bd2 48. Kd5 Bxf4 49. Kd4 Bxd6 50. Kd5 f4 51. Ke4 Ke6 52. Kf3 Kf5 0-1


[Site "https://www.chess.com"]

[Event "Titled Tuesday Blitz June 13 Late 2023"]
[White "WindWhistler11"]
[Black "Van Foreest, Machteld"]
[BlackFideId "1051563"]
[WhiteElo "2579"]
[BlackElo "2018"]
[Result "0-1"]
[Round "3"]
[TimeControl "180+2"]
[Date "2023.06.13"]
[WhiteClock "0:00:00"]
[BlackClock "0:01:19"]
[Board "111"]

1. Nf3 Nf6 2. g3 e6 3. c4 d5 4. Bg2 Be7 5. O-O O-O 6. b3 c5 7. Bb2 Nc6 8. e3 Ne4 9. cxd5 exd5 10. d3 Bf6 11. Qc2 Bxb2 12. Qxb2 Qf6 13. Qxf6 Nxf6 14. Rc1 Nb4 15. Ne1 Bf5 16. Bf1 Rac8 17. a3 Na6 18. Nd2 Rfd8 19. Ra2 Nd7 20. Rac2 Ne5 21. e4 dxe4 22. dxe4 Be6 23. f4 Ng4 24. Bxa6 bxa6 25. Nef3 h6 26. f5 Bd7 27. Rxc5 Rxc5 28. Rxc5 Bb5 29. h3 Ne3 30. a4 Bd3 31. Ne5 Bc2 32. Ndc4 Nxc4 33. bxc4 Bxe4 34. Rc7 Bxf5 35. Nxf7 Rd1+ 36. Kf2 Bxh3 37. Rxa7 Ra1 38. Ne5 Rxa4 39. Ra8+ Kh7 40. Ke3 Be6 41. Kd4 Ra3 42. Kc5 Re3 43. Nc6 Rc3 44. Na5 Rxg3 45. Rxa6 Rg5+ 46. Kb4 Rg6 47. c5 Bd5 48. Ra7 h5 49. Kb5 h4 50. Rd7 Bg2 51. Rd4 h3 52. c6 Bxc6+ 53. Nxc6 h2 0-1


[Site "https://www.chess.com"]

[Event "Titled Tuesday Blitz June 13 Late 2023"]
[White "Krishnan, Varun"]
[Black "Carlstedt, Jonathan"]
[WhiteFideId "5054508"]
[BlackFideId "24614386"]
[WhiteElo "2577"]
[BlackElo "2333"]
[Result "0-1"]
[Round "3"]
[TimeControl "180+2"]
[Date "2023.06.13"]
[WhiteClock "0:00:21"]
[BlackClock "0:01:16"]
[Board "112"]

1. d4 d5 2. c4 e6 3. Nc3 c5 4. cxd5 exd5 5. Nf3 Nf6 6. g3 Nc6 7. Bg2 cxd4 8. Nxd4 Bc5 9. Be3 Qb6 10. Ncb5 O-O 11. Nxc6 bxc6 12. Bxc5 Qxc5 13. Nd4 Rb8 14. Qd2 Bd7 15. O-O Qd6 16. Rac1 c5 17. Nb3 Rfc8 18. e4 d4 19. Na5 Bb5 20. Nc4 Bxc4 21. Rxc4 Nd7 22. b4 Nb6 23. bxc5 Nxc4 24. cxd6 Nxd2 25. Rd1 Rb1 26. Rxb1 Nxb1 27. Bf1 Kf8 28. e5 Nd2 29. Bd3 Nf3+ 30. Kg2 Nxe5 0-1


[Site "https://www.chess.com"]

[Event "Titled Tuesday Blitz June 13 Late 2023"]
[White "Omranalhosani21"]
[Black "Myers, Dominique"]
[BlackFideId "2041715"]
[WhiteElo "2575"]
[BlackElo "1951"]
[Result "1-0"]
[Round "3"]
[TimeControl "180+2"]
[Date "2023.06.13"]
[WhiteClock "0:01:59"]
[BlackClock "0:01:15"]
[Board "113"]

1. e4 e5 2. Nf3 Nc6 3. Bc4 Nf6 4. Ng5 d5 5. exd5 Na5 6. Bb5+ Bd7 7. Qe2 Bd6 8. b4 Bxb4 9. Qxe5+ Be7 10. Bxd7+ Nxd7 11. Qxg7 Bxg5 12. Qxh8+ Nf8 13. O-O Qe7 14. Qc3 b6 15. Ba3 Qf6 16. Qxc7 Qxa1 17. Re1+ Ne6 18. dxe6 1-0


[Site "https://www.chess.com"]

[Event "Titled Tuesday Blitz June 13 Late 2023"]
[White "Zenin, Dmitry"]
[Black "Fantinel, Thibault"]
[WhiteFideId "4127897"]
[BlackFideId "663395"]
[WhiteElo "2215"]
[BlackElo "2316"]
[Result "1/2-1/2"]
[Round "3"]
[TimeControl "180+2"]
[Date "2023.06.13"]
[WhiteClock "0:00:03"]
[BlackClock "0:00:18"]
[Board "114"]

1. d4 Nf6 2. c4 b6 3. Nc3 Bb7 4. d5 e6 5. a3 Bd6 6. Nf3 O-O 7. g3 c6 8. dxc6 dxc6 9. Bg2 c5 10. O-O Nc6 11. Qc2 a6 12. Rd1 Qc7 13. Bg5 Nd7 14. Be3 Rfd8 15. Ng5 Nf6 16. Nce4 Nxe4 17. Qxe4 g6 18. Qh4 h5 19. g4 Ne7 20. Bxb7 Qxb7 21. gxh5 Nf5 22. Qh3 Be5 23. hxg6 fxg6 24. Rxd8+ Rxd8 25. Nxe6 Re8 26. Ng5 Bxb2 27. Rd1 Bf6 28. Qg4 Qe7 29. Nf3 Nxe3 30. Qxg6+ Bg7 31. fxe3 Qxe3+ 32. Kh1 Qxe2 33. Qd3 Qxd3 34. Rxd3 Re4 35. Rd6 Rxc4 36. Rxb6 Ra4 37. Ng5 Bd4 38. Ne6 Rxa3 39. Rb7 Ra2 40. Rc7 Rc2 41. Nxd4 Rc1+ 42. Kg2 Rd1 43. Nf5 Rd2+ 44. Kg3 a5 45. Rxc5 a4 46. Ra5 Rd3+ 47. Kg4 a3 48. h4 Kf7 49. h5 Kf6 50. Ra6+ Ke5 51. Ra5+ Kf6 52. Ra6+ Ke5 53. Ra5+ Kf6 1/2-1/2


[Site "https://www.chess.com"]

[Event "Titled Tuesday Blitz June 13 Late 2023"]
[White "Mortazavi, Ali"]
[Black "FoxOnTheRun97"]
[WhiteFideId "401323"]
[WhiteElo "2339"]
[BlackElo "2523"]
[Result "0-1"]
[Round "3"]
[TimeControl "180+2"]
[Date "2023.06.13"]
[WhiteClock "0:00:19"]
[BlackClock "0:00:24"]
[Board "115"]

1. Nf3 Nf6 2. g3 d5 3. Bg2 Bf5 4. O-O e6 5. d3 h6 6. c4 c6 7. Be3 Be7 8. Qb3 Qc8 9. Nc3 O-O 10. Rac1 dxc4 11. Qxc4 Rd8 12. Rfd1 Nd5 13. Bd2 Nd7 14. d4 a5 15. a3 Nxc3 16. Bxc3 Be4 17. Nd2 Bxg2 18. Kxg2 Nb6 19. Qa2 Nd5 20. Nf3 Nxc3 21. Rxc3 Qd7 22. e4 Bf6 23. Rcd3 Qc7 24. h4 Rd7 25. R1d2 Rad8 26. Qb1 Qb6 27. Qd1 g6 28. e5 Bg7 29. h5 gxh5 30. Qe2 Qb5 31. Nh2 c5 32. Nf3 cxd4 33. Rxd4 Qxe2 34. Rxd7 Qxd2 35. Rxd2 Rxd2 36. Nxd2 Bxe5 37. Nc4 Bd4 38. a4 Kg7 39. b3 b6 40. f4 Kf6 41. Kf3 Bc5 42. Ne5 Ke7 43. Ke4 f6 44. Nd3 Kd6 45. Nb2 f5+ 46. Kf3 Kd5 47. Nd1 Kd4 48. Kg2 Kd3 49. Nb2+ Kc3 50. Nd1+ Kxb3 51. Kh3 Be7 52. Ne3 Kxa4 53. Kg2 Kb4 54. Kf2 a4 55. Ke2 a3 56. Kd2 Kb3 57. Nc2 a2 58. Kc1 Bf6 0-1


[Site "https://www.chess.com"]

[Event "Titled Tuesday Blitz June 13 Late 2023"]
[White "Topalov, Aleksandar"]
[Black "Feng, Eric"]
[WhiteFideId "925659"]
[BlackFideId "30952590"]
[WhiteElo "2151"]
[BlackElo "1785"]
[Result "0-1"]
[Round "3"]
[TimeControl "180+2"]
[Date "2023.06.13"]
[WhiteClock "0:00:00"]
[BlackClock "0:00:37"]
[Board "116"]

1. b3 Nf6 2. Bb2 g6 3. Bxf6 exf6 4. c4 Bg7 5. Nc3 O-O 6. e3 Nc6 7. d4 f5 8. Nge2 d6 9. g3 Bd7 10. Bg2 Re8 11. O-O h5 12. Rb1 a5 13. a3 Rb8 14. b4 axb4 15. axb4 h4 16. b5 Na5 17. Qd3 hxg3 18. hxg3 b6 19. Nd5 Be6 20. Nec3 Qd7 21. Rfc1 Rec8 22. Ne2 c6 23. bxc6 Rxc6 24. Nef4 b5 25. Nf6+ Bxf6 26. d5 Rxc4 27. dxe6 fxe6 28. Rxc4 Nxc4 29. Nxg6 Ne5 30. Nxe5 Bxe5 31. g4 fxg4 32. Qg6+ Kf8 33. Qxg4 Qf7 34. Bh3 Ke7 35. Kf1 Rg8 36. Qe2 Qh7 37. Qxb5 Qxh3+ 38. Ke2 Qh5+ 39. Kd2 Rd8 40. f4 Qh2+ 41. Kd3 Bf6 42. Qb7+ Rd7 43. Qf3 Qh7+ 44. e4 d5 0-1


[Site "https://www.chess.com"]

[Event "Titled Tuesday Blitz June 13 Late 2023"]
[White "Novik, Maxim"]
[Black "Rodriguez, Santiago"]
[WhiteFideId "4102924"]
[BlackFideId "3000591"]
[WhiteElo "2287"]
[BlackElo "2249"]
[Result "0-1"]
[Round "3"]
[TimeControl "180+2"]
[Date "2023.06.13"]
[WhiteClock "0:00:00"]
[BlackClock "0:00:12"]
[Board "117"]

1. e4 c5 2. Nc3 Nc6 3. Bb5 Nd4 4. Nf3 Nxb5 5. Nxb5 d6 6. d4 a6 7. Nc3 cxd4 8. Qxd4 Nf6 9. e5 dxe5 10. Qxd8+ Kxd8 11. Nxe5 Be6 12. Be3 g6 13. O-O-O+ Ke8 14. Na4 Nd5 15. Bd4 Bg7 16. c4 Nf4 17. Nf3 Ne2+ 18. Kb1 Nxd4 19. Nxd4 Bd7 20. Nb6 Rd8 21. Nxd7 Rxd7 22. Nb3 Rc7 23. c5 e6 24. Rd6 Ke7 25. Rhd1 Be5 26. Rb6 Rhc8 27. Na5 Rxc5 28. Rxb7+ Kf8 29. Nb3 Rc2 30. Na5 Kg7 31. a3 Rxf2 32. Rdd7 Rcc2 33. Nc6 Rxb2+ 34. Rxb2 Rxb2+ 35. Kc1 Bf6 36. Nd8 Rf2 37. Rxf7+ Kh6 38. Kd1 Rf5 39. Nxe6 Rd5+ 40. Ke2 Re5+ 0-1


[Site "https://www.chess.com"]

[Event "Titled Tuesday Blitz June 13 Late 2023"]
[White "Vovk, Orest"]
[Black "Slavin, Alexey"]
[WhiteFideId "14113490"]
[BlackFideId "24104388"]
[WhiteElo "2215"]
[BlackElo "2264"]
[Result "1-0"]
[Round "3"]
[TimeControl "180+2"]
[Date "2023.06.13"]
[WhiteClock "0:00:58"]
[BlackClock "0:00:40"]
[Board "118"]

1. g4 Nc6 2. Bg2 d6 3. h3 e5 4. c4 f5 5. Bxc6+ bxc6 6. d4 fxg4 7. dxe5 gxh3 8. Nxh3 Be6 9. Qa4 Bd7 10. Ng5 c5 11. Qa6 Nh6 12. e6 Bc8 13. Qc6+ Ke7 14. Qxa8 Ng4 15. Nf7 1-0


[Site "https://www.chess.com"]

[Event "Titled Tuesday Blitz June 13 Late 2023"]
[White "Castella Garcia, Fausto"]
[Black "Gimenez Aguirre, Alejo Ismael"]
[WhiteFideId "3501922"]
[BlackFideId "32041667"]
[WhiteElo "2245"]
[BlackElo "2165"]
[Result "0-1"]
[Round "3"]
[TimeControl "180+2"]
[Date "2023.06.13"]
[WhiteClock "0:00:03"]
[BlackClock "0:00:38"]
[Board "119"]

1. e4 c5 2. Nf3 g6 3. Bc4 Bg7 4. O-O Nc6 5. c3 e6 6. d4 cxd4 7. Nxd4 d5 8. exd5 exd5 9. Bb5 Ne7 10. Bg5 f6 11. Bxc6+ bxc6 12. Be3 O-O 13. Re1 Rb8 14. Nb3 Qc7 15. Bc5 Rf7 16. N1d2 Nf5 17. Re8+ Bf8 18. Nf3 Bd7 19. Rxb8 Qxb8 20. Qd2 Nd6 21. Qf4 a5 22. Re1 g5 23. Qg3 h6 24. Nbd4 Kh7 25. Ne6 Be7 26. Nfd4 h5 27. Qd3+ Ne4 28. Rxe4 dxe4 29. Qxe4+ f5 30. Nxf5 Bxc5 31. Ne7+ Kh8 32. Nxc5 Bg4 33. Qd4+ Kh7 34. Qe4+ Kg7 35. Qd4+ Kh7 36. Qe4+ Kh8 37. Qd4+ Rg7 38. h3 Qe8 39. Qf6 Qxe7 0-1


[Site "https://www.chess.com"]

[Event "Titled Tuesday Blitz June 13 Late 2023"]
[White "TimGrutter03"]
[Black "Silva, Pedro Gil Ferreira Da"]
[BlackFideId "1946102"]
[WhiteElo "2560"]
[BlackElo "2255"]
[Result "1-0"]
[Round "3"]
[TimeControl "180+2"]
[Date "2023.06.13"]
[WhiteClock "0:00:04"]
[BlackClock "0:00:03"]
[Board "120"]

1. d4 Nf6 2. Nc3 d5 3. Bf4 c6 4. e3 g6 5. Nf3 Bg7 6. Be2 O-O 7. h4 h5 8. Ne5 Nbd7 9. f3 Nxe5 10. Bxe5 Qa5 11. Qd2 Be6 12. O-O-O b5 13. a3 Qb6 14. g4 a5 15. gxh5 Nxh5 16. Bxg7 Kxg7 17. f4 Rh8 18. Rhg1 b4 19. Na4 Qc7 20. Nc5 Bf5 21. Bd3 e6 22. Bxf5 exf5 23. a4 Rae8 24. Rg5 Qe7 25. Re1 Nxf4 26. Rgg1 Nh5 27. Nd3 Qxh4 28. Ne5 Qf6 29. Qf2 Qe6 30. Nd3 Nf6 31. Nc5 Qd6 32. Qxf5 Ne4 33. Ref1 Re7 34. Nxe4 dxe4 35. Qxa5 Rh2 36. Qg5 b3 37. cxb3 Qb4 38. Qf6+ Kf8 39. Rf2 Rxf2 40. Qxf2 Qxb3 41. Rg3 Qxa4 42. Qf6 Kg8 43. Rh3 Qa1+ 44. Kc2 Qa4+ 45. Kd2 Qb4+ 46. Ke2 Qc4+ 47. Kf2 Qc2+ 48. Kg3 1-0


[Site "https://www.chess.com"]

[Event "Titled Tuesday Blitz June 13 Late 2023"]
[White "Chor, Kevin"]
[Black "Avalos Parra, Joao"]
[WhiteFideId "2090740"]
[BlackFideId "3402541"]
[WhiteElo "2558"]
[BlackElo "2173"]
[Result "1-0"]
[Round "3"]
[TimeControl "180+2"]
[Date "2023.06.13"]
[WhiteClock "0:00:10"]
[BlackClock "0:00:14"]
[Board "121"]

1. d4 d5 2. Bf4 Nf6 3. Nc3 c6 4. Qd2 Bf5 5. f3 Nbd7 6. O-O-O e6 7. h4 h5 8. Nh3 Bb4 9. a3 Ba5 10. Ng5 Bg6 11. e4 Qe7 12. Bd3 Nh7 13. exd5 cxd5 14. Bxg6 fxg6 15. Nxe6 Nhf8 16. Ng5 O-O-O 17. Kb1 Nf6 18. Rhe1 Qd7 19. Qd3 a6 20. Re2 N8h7 21. Ne6 Rde8 22. Nc5 Qc6 23. b4 Bb6 24. b5 axb5 25. Nxb5 Rxe2 26. Qxe2 Bxc5 27. dxc5 Kd7 28. Nd4 Qxc5 29. Qe6+ Kd8 30. Bd6 Qb6+ 31. Ka2 Re8 32. Be7+ Kc7 33. Qe5+ Kc8 34. Rb1 Qa6 35. Rb3 Kd7 36. Rc3 Rxe7 37. Rc7+ 1-0


[Site "https://www.chess.com"]